Map: Tourmaline LE

Players

HoldTheDoor

  • Race: Protoss Protoss
  • League: Diamond
  • Spawn Location: 1:00

Ruddy - Winner!

  • Race: Terran Terran
  • League: Diamond
  • Spawn Location: 7:00

VOD

Have the link to the VOD?

Description

Time

  • Played on: May 15, 2026, 1:41 p.m.
  • Length: 8:45
Show
View Real Time Build Order
Export as new Build Order

HoldTheDoor Protoss 

Build Orders: 1 Gate Expand 

Get SALT Encoding   

  12  0:00  Probe  
  13  0:12  Probe  
  14  0:18  Pylon  
  14  0:24  Probe  
  15  0:32  Probe  
  15  0:39  Gateway  
  15  0:40  Probe  
  16  0:48  Assimilator  
  17  0:50  Probe  
  18  1:00  Pylon  
  18  1:03  Probe  
  19  1:15  Probe  
  20  1:30  Cybernetics Core  
  20  1:32  Probe  
  21  1:43  Nexus  
  21  1:51  Pylon, Probe  
  22  1:57  Assimilator  
  22  2:03  Probe  
  23  2:11  Adept  
  25  2:15  Probe  
  25  2:18  Warp Gate  
  26  2:28  Probe  
  27  2:31  Shield Battery  
  27  2:40  Probe  
  27  2:44  Robotics Facility  
  28  2:52  Probe  
  28  2:55  Probe  
  30  2:58  Shield Battery  
  30  3:07  Gateway  
  30  3:09  Twilight Council  
  30  3:14  Pylon  
  30  3:16  Probe  
  30  3:17  Probe  
  32  3:28  Probe  
  32  3:29  Probe  
  32  3:33  Immortal  
  38  3:36  Sentry  
  38  3:40  Probe  
  41  3:44  Assimilator  
  41  3:49  Probe  
  41  3:52  Probe  
  41  3:53  Pylon  
  43  3:57  Charge  
  43  4:01  Probe  
  44  4:04  Probe  
  45  4:10  Gateway  
  45  4:13  Probe  
  45  4:15  Observer  
  47  4:20  Pylon  
  47  4:23  Forge  
  47  4:24  Probe  
  47  4:26  Probe  
  47  4:31  Assimilator  
  49  4:36  Probe  
  49  4:38  Probe  
  51  4:42  Immortal  
  51  4:43  Protoss Ground Weapons Level 1  
  55  4:48  Zealot x2  
  55  4:49  Probe  
  60  4:55  Pylon  
  60  4:56  Probe  
  61  5:02  Pylon  
  61  5:12  Probe x2  
  63  5:25  Gateway  
  63  5:28  Gateway  
  63  5:29  Photon Cannon, Probe  
  63  5:30  Gateway  
  63  5:32  Pylon  
  64  5:37  Photon Cannon  
  64  5:38  Sentry  
  64  5:40  Zealot  
  64  5:42  Zealot  
  70  5:44  Probe  
  71  5:52  Robotics Bay  
  71  5:55  Blink  
  72  6:02  Immortal  
  76  6:04  Probe  
  76  6:18  Protoss Ground Armor Level 1  
  76  6:21  Pylon  
  76  6:23  Nexus  
  76  6:26  Zealot, Pylon  
  78  6:34  Templar Archives  
  78  6:36  Colossus  
  78  6:37  Pylon  
  84  6:52  Probe x2  
  86  7:13  Probe  
  86  7:15  Psionic Storm  
  87  7:26  Probe  
  87  7:29  Robotics Facility  
  88  7:31  Zealot x2  
  88  7:32  Zealot x4, Pylon  
  88  7:34  Probe  
  88  7:35  Probe  
  102  7:42  Colossus  
  108  7:51  Assimilator  
  108  7:55  Assimilator  
  108  7:56  Pylon  
  108  7:57  Probe  
  110  7:58  Probe  
  82  8:17  Zealot x5  
  82  8:18  Zealot  
  51  8:37  Zealot  
  51  8:38  Zealot x2  
  51  8:39  Zealot x3  
Show
View Real Time Build Order
Export as new Build Order

Ruddy Terran - Winner!

Build Orders:  

Get SALT Encoding   

  12  0:00  SCV  
  13  0:12  SCV  
  14  0:17  Supply Depot  
  14  0:25  SCV  
  15  0:39  SCV  
  15  0:41  Barracks  
  16  0:45  Refinery  
  16  0:51  SCV  
  17  1:04  Engineering Bay  
  18  1:27  Orbital Command  
  17  1:35  Marine  
  18  1:42  Supply Depot  
  18  1:53  SCV  
  19  2:04  Terran Infantry Weapons Level 1  
  19  2:05  SCV  
  19  2:06  Marine  
  21  2:19  Command Center  
  21  2:21  SCV  
  22  2:32  Marine  
  22  2:35  Bunker  
  22  2:36  SCV  
  24  2:42  Refinery  
  24  2:48  Barracks  
  24  2:50  Barracks Reactor  
  24  2:54  SCV  
  25  3:06  SCV  
  25  3:12  Factory  
  26  3:18  SCV  
  27  3:27  Marine x2  
  27  3:30  SCV  
  27  3:31  Orbital Command  
  30  3:36  Barracks Tech Lab  
  30  3:43  SCV  
  30  3:47  Marine x2  
  33  3:55  SCV, Stimpack  
  34  3:58  Terran Infantry Armor Level 1  
  34  3:59  SCV  
  34  4:02  Marine  
  35  4:04  Refinery  
  35  4:08  Refinery  
  36  4:11  Armory  
  36  4:16  SCV  
  38  4:17  SCV  
  38  4:25  Engineering Bay  
  38  4:28  Marine x2  
  38  4:30  Marine  
  41  4:33  SCV  
  41  4:34  SCV  
  43  4:45  SCV  
  44  4:51  Supply Depot  
  44  5:00  SCV x2  
  44  5:05  Terran Infantry Weapons Level 2  
  46  5:12  SCV  
  47  5:17  Factory Reactor  
  47  5:18  Starport  
  47  5:19  SCV  
  48  5:24  SCV  
  48  5:26  Marine x3  
  52  5:32  Barracks  
  52  5:35  SCV  
  53  5:43  SCV  
  53  5:49  Marine, Marauder  
  56  5:50  Marine  
  56  5:53  Barracks  
  58  5:58  Supply Depot  
  58  5:59  Supply Depot  
  58  6:01  Terran Infantry Armor Level 2  
  58  6:05  Medivac x2  
  62  6:12  Marine x2  
  62  6:13  Marauder  
  62  6:15  Supply Depot  
  62  6:16  SCV  
  62  6:17  SCV  
  68  6:21  Barracks Tech Lab  
  68  6:28  SCV  
  68  6:30  Supply Depot, SCV  
  68  6:31  Marine x2  
  72  6:35  Widow Mine  
  72  6:37  Medivac  
  72  6:38  Medivac  
  72  6:39  Marauder  
  80  6:40  Barracks Tech Lab  
  80  6:43  Marauder, Combat Shield  
  80  6:44  Concussive Shells  
  82  6:47  SCV  
  82  6:53  Marine, Supply Depot  
  82  6:54  Marine  
  85  7:00  Supply Depot  
  85  7:01  Marauder  
  87  7:14  Marauder x2  
  91  7:17  Marine x2  
  91  7:18  SCV x2  
  95  7:23  Supply Depot  
  95  7:26  Marine  
  95  7:27  Supply Depot  
  96  7:30  SCV  
  96  7:34  Marine  
  100  7:37  Marine, Marauder  
  103  7:44  Marauder  
  103  7:47  Marine  
  98  8:16  Marine x2  
  98  8:17  Marine, Marauder x2  
Tags
 
Add a new tag
Caveats
  • Supply blocks, unpowered buildings, or Contaminate may cause inaccurate times.
  • Supply counts are checked every 10 seconds.